 Dungeon Crawl Stone Soup version 0.30-a0-728-gc68057be0a (webtiles) character file.

Game seed: 10356227065446313827

163 Arximoufas the Conjurer (level 5, -7/28 HPs)
             Began as a Deep Elf Conjurer on Jan 30, 2023.
             Mangled by a gnoll bouda
             ... wielding a +0 club
              (9 damage)
             ... on level 4 of the Dungeon.
             The game lasted 00:06:59 (2829 turns).

Arximoufas the Conjurer (Deep Elf Conjurer)         Turns: 2829, Time: 00:07:00

Health: -7/28      AC:  4    Str:  4    XL:     5   Next: 20%
Magic:  7/14       EV: 11    Int: 25    God:
Gold:   129        SH:  0    Dex: 13    Spells: 9/14 levels left

rFire   . . .      SeeInvis .    (no weapon)
rCold   . . .      Faith    .    (no shield)
rNeg    . . .      Spirit   .    a - +0 robe
rPois   .          Reflect  .    (no helmet)
rElec   .          Harm     .    u - +0 cloak
rCorr   .          Rampage  .    (no gloves)
Will    .....                    v - +0 pair of boots
Stlth   +++                      g - amulet of magic regeneration
HPRegen 0.24/turn                h - +5 ring of evasion
MPRegen 0.54/turn                (no ring)

@: weakened, held
A: no striking features
a: no special abilities


You were on level 4 of the Dungeon.
You visited 1 branch of the dungeon, and saw 4 of its levels.

You collected 129 gold pieces.

Inventory:

Missiles
 m - 4 poisoned darts
Armour
 a - a +0 robe (worn)
 u - a +0 cloak (worn)
 v - a +0 pair of boots (worn)
Jewellery
 g - an amulet of magic regeneration (around neck)
 h - a +5 ring of evasion (left hand)
Scrolls
 c - 2 scrolls of teleportation {unknown}
 f - 2 scrolls of fear {unknown}
 i - a scroll of poison {unknown}
 l - 2 scrolls of magic mapping {unknown}
 o - a scroll of noise {unknown}
 p - 4 scrolls of identify {unknown}
 q - 2 scrolls of enchant weapon {unknown}
 s - a scroll of blinking {unknown}
 t - a scroll of torment {unknown}
 x - a scroll of silence {unknown}
Potions
 b - a potion of magic
 d - 3 potions of invisibility {unknown}
 e - 3 potions of heal wounds
 j - a potion of lignification {unknown}
 k - a potion of mutation {unknown}
 n - 5 potions of resistance {unknown}
 r - 3 potions of brilliance {unknown}
 w - a potion of curing {unknown}
 z - a potion of attraction {unknown}


   Skills:
 - Level 2.4 Dodging
 + Level 4.8 Stealth
 - Level 5.0 Spellcasting
 - Level 5.0 Conjurations
 + Level 1.0 Hexes


You had 9 spell levels left.
You knew the following spells:

 Your Spells              Type           Power      Damage    Failure   Level
a - Magic Dart            Conj           100%       1d8       1%          1
b - Fulminant Prism       Conj/Hex       10%        3d8       24%         4

Your spell library contained the following spells:

 Spells                   Type           Power      Damage    Failure   Level
 Searing Ray              Conj           62%        2d6       1%          2
 Slow                     Hex            44%        N/A       5%          1
 Dazzling Flash           Conj/Hex       42%        N/A       7%          3
 Confusing Touch          Hex            11%        N/A       16%         3
 Portal Projectile        Hex/Tloc       16%        N/A       21%         3
 Call Canine Familiar     Summ           6%         N/A       24%         3
 Vampiric Draining        Necr           6%         2d6       24%         3
 Iskenderun's Mystic Bla  Conj/Tloc      19%        2d6       28%         4
 Leda's Liquefaction      Hex/Erth       4%         N/A       54%         4


Dungeon Overview and Level Annotations

Branches:
Dungeon (4/15)
 Temple: D:4-7

Altars:
Uskayaw
Zin


Message History

* * * LOW HITPOINT WARNING * * *
The gnoll hits you but does no damage.
It was a potion of heal wounds.
You feel much better.
The gnoll bouda utters an invocation to its god.
The gnoll bouda is healed somewhat.
The gnoll hits you from afar with a +0 spear!
Aiming: Magic Dart (safe; 1% risk of failure)
Press: ? - help, Q - select action, (/) - cycle Shift-Dir - straight line, f/p - gnoll bouda
Aim: a gnoll bouda, wielding a +0 club and wearing a +0 leather armour (severely wounded, 100% to hit)
The magic dart hits the gnoll bouda.
The gnoll bouda is severely wounded.
Your attacks no longer feel as feeble.
The gnoll bouda gazes fiercely through you!
You feel your attacks grow feeble.
The gnoll bouda hits you with a +0 club.
The gnoll closely misses you.
Aiming: Magic Dart (safe; 1% risk of failure)
Press: ? - help, Q - select action, (/) - cycle Shift-Dir - straight line, f/p - gnoll bouda
Aim: a gnoll bouda, wielding a +0 club and wearing a +0 leather armour (severely wounded, 100% to hit)
The magic dart hits the gnoll bouda.
The gnoll bouda is almost dead.
The gnoll bouda misses you. The gnoll barely misses you.
Aiming: Magic Dart (safe; 1% risk of failure)
Press: ? - help, Q - select action, (/) - cycle Shift-Dir - straight line, f/p - gnoll bouda
Aim: a gnoll bouda, wielding a +0 club and wearing a +0 leather armour (almost dead, 100% to hit)
The magic dart hits the gnoll bouda.
The gnoll bouda is almost dead.
The gnoll bouda hits you with a +0 club!
* * * LOW HITPOINT WARNING * * *
The gnoll hits you from afar with a +0 spear!
* * * LOW HITPOINT WARNING * * *
Aiming: Magic Dart (safe; 1% risk of failure)
Press: ? - help, Q - select action, (/) - cycle Shift-Dir - straight line, f/p - gnoll bouda
Aim: a gnoll bouda, wielding a +0 club and wearing a +0 leather armour (almost dead, 100% to hit)
The magic dart hits the gnoll bouda but does no damage.
The gnoll bouda is almost dead.
The gnoll bouda gazes fiercely through you!
You feel as though you will be weak longer.
The gnoll bouda hits you with a +0 club!
You die...

. ..g
.....###############
......).gg@.......<#
.....###############
###


You could see a gnoll bouda and a gnoll (swift).

Vanquished Creatures
  An orc wizard (D:3)
  2 gnolls (D:4)
  6 adders
  3 worms
  3 dart slugs
  5 orcs (D:3)
  4 bats
  3 endoplasms
  5 goblins (D:1)
  2 hobgoblins
  5 kobolds
  A quokka (D:1)
  3 ball pythons
  A frilled lizard (D:3)
  6 rats
50 creatures vanquished.

Notes
Turn   | Place    | Note
-------+----------+-------------------------------------------
     0 | D:1      | Arximoufas the Deep Elf Conjurer began the quest for the
                  | Orb.
     0 | D:1      | Reached XP level 1. HP: 10/10 MP: 6/6
   121 | D:1      | Reached XP level 2. HP: 15/15 MP: 4/8
   236 | D:1      | Found a faded altar of an unknown god.
  1078 | D:2      | Reached XP level 3. HP: 19/19 MP: 7/10
  1229 | D:2      | Reached skill level 5 in Conjurations
  1856 | D:3      | Reached XP level 4. HP: 24/24 MP: 8/12
  1955 | D:3      | Found a glowing silver altar of Zin.
  2310 | D:3      | Found a hide-covered altar of Uskayaw.
  2491 | D:3      | Reached skill level 5 in Spellcasting
  2491 | D:3      | Reached XP level 5. HP: 28/28 MP: 9/14
  2655 | D:3      | Learned a level 4 spell: Fulminant Prism
  2752 | D:4      | Reached skill level 1 in Hexes
  2828 | D:4      | HP: 1/28 [gnoll/+0 spear[a gnoll bouda] (7)]
  2829 | D:4      | Mangled by a gnoll bouda

Illustrated notes

Levels and vault maps discovered:
D:1:      psy_arrival_terrarium, layout_loops_ring,
          chequers_ecumenical_altar_grove, minmay_hedge_maze, minmay_quantized
D:2:      layout_loops_cross
D:3:      wander_river, layout_basic, zin_treasury, marbit_many_paths
D:4:      layout_basic, general_overflow_altar, nicolae_ashenzari_panopticon,
          grunt_ministairs_4

Skill      XL: |  1  2  3  4  5 |
---------------+----------------+-----
Stealth        | 3 4 |  4.8
Spellcasting   | 4 5 |  5.0
Conjurations   | 5 |  5.0
Hexes          | 1 |  1.0
Dodging        | |  2.4

Action                     |  1- 3 |  4- 6 || total
---------------------------+-------+-------++-------
  Melee: Unarmed           |       |     4 ||     4
   Cast: Magic Dart        |    62 |    71 ||   133
    Use: Potion            |       |     1 ||     1
 Armour: Robe              |       |     6 ||     6
  Dodge: Dodged            |       |    10 ||    10

Table legend: (Time is in decaauts)
 A = Elapsed time spent in this place.
 B = Non-inter-level travel time spent in this place.
 C = Inter-level travel time spent in this place.
 D = Time resting spent in this place.
 E = Time spent auto-exploring this place.
 F = Levels seen in this place.
 G = Mean time per level.
                   A        B        C        D        E       F      G
               +--------+--------+--------+--------+--------+-----+--------+
         Total |   2861 |   2556 |    305 |    141 |   2084 |   4 |  715.2 |
       Dungeon |   2861 |   2556 |    305 |    141 |   2084 |   4 |  715.2 |
               +--------+--------+--------+--------+--------+-----+--------+

Top non-repeatable levels by time:
     D:1: 1047 daAuts
     D:3: 882 daAuts
     D:2: 804 daAuts
     D:4: 127 daAuts
